 Dungeon Crawl Stone Soup version 0.27-a0-931-g5a74e75d8f (webtiles) character file.

Game seed: 12279018890741808082

8 Alarkh the Insei (level 2, 22/22 HPs)
             Began as a Demonspawn Gladiator on Apr 10, 2021.
             Got out of the dungeon alive.
             The game lasted 00:00:16 (245 turns).

Alarkh the Insei (Demonspawn Gladiator)              Turns: 245, Time: 00:00:16

Health: 22/22      AC:  4    Str: 14    XL:     2   Next: 0%
Magic:  2/2        EV: 12    Int:  9    God:
Gold:   10         SH:  0    Dex: 14    Spells: 1/1 levels left

rFire    . . .     SeeInvis .     - Unarmed
rCold    . . .     Faith    .   (no shield)
rNeg     . . .     Spirit   .   a - +0 leather armour
rPois    .         Reflect  .   b - +0 helmet
rElec    .         Harm     .   (no cloak)
rCorr    +         Rampage  .   (no gloves)
Will     .....                  (no boots)
Stlth    +.........             (no amulet)
HPRegen  0.07/turn              d - ring of resist corrosion
MPRegen  0.08/turn              (no ring)

@: no status effects
A: foul stench 1
a: no special abilities


You escaped.
You visited 1 branch of the dungeon, and saw 1 of its levels.

You collected 10 gold pieces.

Inventory:

Missiles
 c - 3 throwing nets (quivered)
Armour
 a - a +0 leather armour (worn)
 b - a +0 helmet (worn)
Jewellery
 d - a ring of resist corrosion (left hand)
Scrolls
 e - a scroll of identify {unknown}


   Skills:
 + Level 2.2 Fighting
 - Level 1.7 Throwing
 - Level 2.6 Dodging
 * Level 3.0 Unarmed Combat


You had one spell level left.
You didn't know any spells.
Your spell library was empty.

Dungeon Overview and Level Annotations

Branches:
Dungeon (1/15)

Altars:


Innate Abilities, Weirdness & Mutations

You may rarely emit foul miasma when damaged in melee.


Message History

The hobgoblin misses you.
You hit the hobgoblin.
The hobgoblin is heavily wounded.
The hobgoblin closely misses you.
You hit the hobgoblin.
You kill the hobgoblin!
The rat bites you.
Found a large gilded ring.
You hit the rat.
The rat is severely wounded.
The rat bites you but does no damage.
You barely miss the rat.
The rat is severely wounded.
The rat bites you but does no damage.
You hit the rat.
You kill the rat!
You have reached level 2!
Your demonic ancestry asserts itself...
You begin to emit a foul stench of rot and decay.
HP restored.
There is a stone staircase leading down here.
Things that are here:
a +0 dagger; a kobold corpse
There is a stone staircase leading down here.
You now have 10 gold pieces.
d - a ring of resist corrosion You enter the shallow water.
Moving in this stuff is going to be slow.
Found a stone staircase leading down.
e - a scroll labelled MIHYWN VEFF
d - a ring of resist corrosion (left hand) Unknown command.
Unknown command.
Unknown command.
There are no items here.
Unknown command.
There is an escape hatch in the floor here.
There is a staircase leading out of the dungeon here.
Are you sure you want to leave the Dungeon?
This will make you lose the game!
You have escaped!

#####. #...#. ####.#.#.
#........ ♣♣♣♣♣#.#......
♣♣♣♣.>♣...#....#.
♣♣♣.♣..♣....#.#....
♣..♣♣♣...♣.♣..♣#.#.#.##.
♣.....@...♣.♣♣#.#.#.###
♣♣♣.♣....♣♣♣♣ #.#.#.# ♣ ♣.♣♣♣♣
#...#†# #...# ♣♣ #.###.###
#...# #.##..... #...# #.##..###
#...# ######.##..# #...#
♣######..........###
#...########.......#...........


There were no monsters in sight!

Vanquished Creatures
  An endoplasm (D:1)
  A giant cockroach (D:1)
  A hobgoblin (D:1)
  A jackal (D:1)
  A kobold (D:1)
  2 rats (D:1)
7 creatures vanquished.

Notes
Turn   | Place    | Note
-------+----------+-------------------------------------------
     0 | D:1      | Alarkh the Demonspawn Gladiator began the quest for the
                  | Orb.
     0 | D:1      | Reached XP level 1. HP: 16/16 MP: 1/1
    65 | D:1      | Found a faded altar of an unknown god.
   104 | D:1      | Reached skill level 3 in Unarmed Combat
   117 | D:1      | Gained mutation: You may rarely emit foul miasma when
                  | damaged in melee. [demonic ancestry]
   117 | D:1      | Reached XP level 2. HP: 14/22 MP: 2/2
   245 | D:$      | Got out of the dungeon alive.

Illustrated notes

Levels and vault maps discovered:
D:1:      roderic_dead_forest, layout_basic,
          hellmonk_ecumenical_altar_heavens_door, chequers_big_river,
          st_stairs_10, due_unseen_surprise

Skill      XL: |  1 |
---------------+----+-----
Unarmed Combat | 3 |  3.0
Fighting       | |  2.2
Throwing       | |  1.7
Dodging        | |  2.6

Action                   || total
-------------------------++-------
Melee: Unarmed           ||    27
       Punch             ||     2
Armor: Leather armour    ||     8
Dodge: Dodged            ||    13

Table legend: (Time is in decaauts)
 A = Elapsed time spent in this place.
 B = Non-inter-level travel time spent in this place.
 C = Inter-level travel time spent in this place.
 D = Time resting spent in this place.
 E = Time spent auto-exploring this place.
 F = Levels seen in this place.
 G = Mean time per level.
                   A        B        C        D        E       F      G
               +--------+--------+--------+--------+--------+-----+--------+
         Total |    244 |    209 |     35 |      0 |    163 |   1 |  244.0 |
       Dungeon |    244 |    209 |     35 |      0 |    163 |   1 |  244.0 |
               +--------+--------+--------+--------+--------+-----+--------+

Top non-repeatable levels by time:
     D:1: 244 daAuts
